A- EAST
FAYETTEVILLE WOODPECKERS @ DOWN EAST WOOD DUCKS
07/25/2041
 
TOP OF THE 1ST
Fayetteville Woodpeckers batting - Pitching for Down East Wood Ducks : LHP Jim Unknown
Pitching: LHP Jim Unknown
Batting: LHB Dave Branch 0-0: Foul Ball, location: 7LMF
0-1: Foul Ball, location: 7LDF
0-2: Ground out 5-3 (Groundball, 5S, EV 80.6 MPH)
Batting: RHB Dave Martin 0-0: Ball
1-0: Fly out, F7 (Flyball, 78S, EV 83.1 MPH)
Batting: RHB Mario Rivera 0-0: Ball
1-0: Ball
2-0: Ball
3-0: Called Strike
3-1: Foul Ball, location: 7LSFF
3-2: Fly out, F8 (Flyball, 8RM, EV 92.5 MPH)
Top of the 1st over - 0 runs, 0 hits, 0 errors, 0 left on base; Fayetteville 0 - Down East 0
BOTTOM OF THE 1ST
Down East Wood Ducks batting - Pitching for Fayetteville Woodpeckers : RHP Walt Taylor
Pitching: RHP Walt Taylor
Batting: LHB Héctor Pérez 0-0: Foul Ball, location: 23F
0-1: Ball
1-1: Ground out 4-3 (Groundball, 4MS, EV 87.5 MPH)
Batting: RHB Jeff Maxwell 0-0: Ball
1-0: Ball
2-0: Foul Ball, location: 9LSF
2-1: Ball
3-1: SINGLE (Groundball, 4MS, EV 70.6 MPH) (infield hit)
Batting: LHB Dan Weaver 0-0: Ball
Jeff Maxwell is caught stealing 2nd base 2-6
1-0: Ball
2-0: Ball
3-0: Base on Balls
Batting: RHB Alex Nicholson 0-0: Fly out, F7 (Line Drive, 7S, EV 96.9 MPH)
Bottom of the 1st over - 0 runs, 1 hit, 0 errors, 1 left on base; Fayetteville 0 - Down East 0
TOP OF THE 2ND
Fayetteville Woodpeckers batting - Pitching for Down East Wood Ducks : LHP Jim Unknown
Batting: RHB Ron Ortíz 0-0: Ball
1-0: Called Strike
1-1: Foul Ball, location: 25F
1-2: Strikes out swinging
Batting: RHB António Méndez 0-0: DOUBLE (Flyball, 78D, EV 98.8 MPH)
Batting: LHB Don Caldwell 0-0: Ball
1-0: Ball
2-0: SINGLE (Groundball, 3D, EV 109.4 MPH)
António Méndez to third
Batting: RHB Ben Jacobson 0-0: Foul Ball, location: 7LMFF
0-1: Hit by Pitch
Don Caldwell to second
Batting: RHB Iván Álvarez 0-0: Ball
1-0: Fly out, F9 (Line Drive, 9D, EV 95.6 MPH)
Runner from 3rd tags up, SCORES, throw by RF
Don Caldwell to third
Batting: RHB Tim Brown 0-0: Ball
1-0: Called Strike
1-1: Ball
2-1: TRIPLE (Flyball, 89XD, EV 107.5 MPH)
Don Caldwell scores
Ben Jacobson scores
Batting: LHB Dave Branch 0-0: Called Strike
0-1: Foul Ball, location: 23F
0-2: Strikes out looking
Top of the 2nd over - 3 runs, 3 hits, 0 errors, 1 left on base; Fayetteville 3 - Down East 0
BOTTOM OF THE 2ND
Down East Wood Ducks batting - Pitching for Fayetteville Woodpeckers : RHP Walt Taylor
Batting: RHB Bob Barlow 0-0: Called Strike
0-1: Ground out 5-3 (Groundball, 5, EV 83.8 MPH)
Batting: RHB Chris Sherman 0-0: Ball
1-0: Foul Ball, location: 2F
1-1: Foul Ball, location: 3SF
1-2: Ball
2-2: Foul Ball, location: 7LMFF
2-2: Strikes out swinging
Batting: RHB Ánibal Ortega 0-0: Ball
1-0: Fly out, F4 (Popup, 34, EV 63.8 MPH)
Bottom of the 2nd over - 0 runs, 0 hits, 0 errors, 0 left on base; Fayetteville 3 - Down East 0
TOP OF THE 3RD
Fayetteville Woodpeckers batting - Pitching for Down East Wood Ducks : LHP Jim Unknown
Batting: RHB Dave Martin 0-0: Ball
1-0: DOUBLE (Flyball, 9LD, EV 107.5 MPH)
Batting: RHB Mario Rivera 0-0: Ball
1-0: DOUBLE (Line Drive, 78D, EV 104.4 MPH)
Dave Martin scores
Batting: RHB Ron Ortíz 0-0: Ball
1-0: Ground out 5-3 (Groundball, 56, EV 79.4 MPH)
Batting: RHB António Méndez 0-0: Ball
1-0: Ball
2-0: Called Strike
2-1: Foul Ball, location: 9LDF
2-2: Foul Ball, location: 2F
2-2: Ball
3-2: DOUBLE (Line Drive, 78M, EV 96.9 MPH)
Mario Rivera scores
Batting: LHB Don Caldwell 0-0: Ball
1-0: Ball
2-0: Called Strike
2-1: Swinging Strike
2-2: Ball
3-2: Strikes out looking
Batting: RHB Ben Jacobson 0-0: Called Strike
0-1: Ball
1-1: Swinging Strike
1-2: Ball
2-2: Foul Ball, location: 9LSF
2-2: Foul Ball, location: 2F
2-2: Ball
3-2: Foul Ball, location: 5F
3-2: Base on Balls
Pitching: RHP Jim Unknown
Batting: RHB Iván Álvarez 0-0: Called Strike
0-1: Ball
1-1: Fly out, F8 (Flyball, 8RD, EV 92.5 MPH)
Top of the 3rd over - 2 runs, 3 hits, 0 errors, 2 left on base; Fayetteville 5 - Down East 0
BOTTOM OF THE 3RD
Down East Wood Ducks batting - Pitching for Fayetteville Woodpeckers : RHP Walt Taylor
Batting: RHB Pepe Colón 0-0: Ball
1-0: Foul Ball, location: 2F
1-1: Foul Ball, location: 2F
1-2: SINGLE (Flyball, 6D, EV 97.5 MPH)
Batting: RHB Jim Unknown 0-0: Called Strike
0-1: Ball
1-1: Swinging Strike
1-2: Ball
2-2: Foul Ball, location: 5SF
2-2: Fly out, F8 (Flyball, 8RM, EV 77.5 MPH)
Batting: LHB Héctor Pérez 0-0: Ball
1-0: Ball
2-0: Ball
3-0: Called Strike
3-1: Base on Balls
Pepe Colón to second
Batting: RHB Jeff Maxwell 0-0: Called Strike
0-1: Fly out, F2 (Popup, 2RF, EV 88.8 MPH)
Batting: LHB Dan Weaver 0-0: Called Strike
0-1: Swinging Strike
0-2: Strikes out swinging
Bottom of the 3rd over - 0 runs, 1 hit, 0 errors, 2 left on base; Fayetteville 5 - Down East 0
TOP OF THE 4TH
Fayetteville Woodpeckers batting - Pitching for Down East Wood Ducks : RHP Jim Unknown
Batting: RHB Tim Brown 0-0: Ball
1-0: Ball
2-0: Called Strike
2-1: Ball
3-1: Foul Ball, location: 3SF
3-2: Foul Ball, location: 2F
3-2: SINGLE (Groundball, 6S, EV 70.6 MPH)
Batting: LHB Dave Branch 0-0: Called Strike
0-1: Ball
1-1: Called Strike
1-2: Hit by Pitch
Tim Brown to second
Batting: RHB Dave Martin 0-0: Ball
1-0: Grounds into double play, 6-4-3 (Groundball, 6, EV 95.6 MPH)
Tim Brown to third
Batting: RHB Mario Rivera 0-0: Ball
1-0: Called Strike
1-1: Called Strike
1-2: Ball
2-2: Foul Ball, location: 2F
2-2: Ball
3-2: Foul Ball, location: 3F
3-2: Base on Balls
Batting: RHB Ron Ortíz 0-0: Ball
1-0: Foul Ball, location: 2F
1-1: Called Strike
1-2: Ball
2-2: Foul Ball, location: 9LSF
2-2: Foul Ball, location: 2F
2-2: Ball
3-2: SINGLE (Line Drive, 56D, EV 66.3 MPH)
Tim Brown scores
Mario Rivera to second
Mario Rivera to third
Batting: RHB António Méndez 0-0: Called Strike
0-1: SINGLE (Line Drive, 78S, EV 106.3 MPH)
Mario Rivera scores
Ron Ortíz to second
Throwing error, E7
Ron Ortíz scores
António Méndez to second
Batting: LHB Don Caldwell 0-0: Called Strike
0-1: Called Strike
0-2: Ball
1-2: Ball
2-2: Foul Ball, location: 7LSF
2-2: Foul Ball, location: 23F
2-2: Ball
3-2: Base on Balls
Batting: RHB Ben Jacobson 0-0: Foul Ball, location: 2F
0-1: Ball
1-1: Fly out, F7 (Line Drive, 78D, EV 93.1 MPH)
Top of the 4th over - 3 runs, 3 hits, 1 error, 2 left on base; Fayetteville 8 - Down East 0
BOTTOM OF THE 4TH
Down East Wood Ducks batting - Pitching for Fayetteville Woodpeckers : RHP Walt Taylor
Batting: RHB Alex Nicholson 0-0: Called Strike
0-1: Ball
1-1: Swinging Strike
1-2: Fly out, F9 (Line Drive, 9LS, EV 95.6 MPH)
Batting: RHB Bob Barlow 0-0: Foul Ball, location: 23FF
0-1: Called Strike
0-2: Ground out 4-3 (Groundball, 4, EV 86.3 MPH)
Batting: RHB Chris Sherman 0-0: Called Strike
0-1: Called Strike
0-2: Ball
1-2: Strikes out swinging
Bottom of the 4th over - 0 runs, 0 hits, 0 errors, 0 left on base; Fayetteville 8 - Down East 0
TOP OF THE 5TH
Fayetteville Woodpeckers batting - Pitching for Down East Wood Ducks : RHP Jim Unknown
Batting: RHB Iván Álvarez 0-0: Called Strike
0-1: Ball
1-1: Swinging Strike
1-2: Ground out 1-3 (Groundball, 13S, EV 72.5 MPH)
Batting: RHB Tim Brown 0-0: Called Strike
0-1: Fly out, F8 (Flyball, 8RXD, EV 77.5 MPH)
Batting: LHB Dave Branch 0-0: Ball
1-0: Called Strike
1-1: Fly out, F1 (Line Drive, P, EV 74.4 MPH)
Top of the 5th over - 0 runs, 0 hits, 0 errors, 0 left on base; Fayetteville 8 - Down East 0
BOTTOM OF THE 5TH
Down East Wood Ducks batting - Pitching for Fayetteville Woodpeckers : RHP Walt Taylor
Batting: RHB Ánibal Ortega 0-0: Reached on error, E9 (Flyball, 9, EV 93.1 MPH)
Batting: RHB Pepe Colón 0-0: Ball
1-0: Ball
2-0: Called Strike
2-1: Ground out U3 (Groundball, 3S, EV 69.4 MPH)
Ánibal Ortega to second
Batting: RHB Jim Unknown 0-0: Foul Ball, location: 2F
0-1: Ball
1-1: Fly out, F6 (Line Drive, 6MD, EV 63.1 MPH)
Batting: LHB Héctor Pérez 0-0: Ball
1-0: DOUBLE (Flyball, 78D, EV 99.4 MPH)
Ánibal Ortega scores
Batting: RHB Jeff Maxwell 0-0: Ball
1-0: Ball
2-0: Fly out, F6 (Popup, 15S, EV 83.8 MPH)
Bottom of the 5th over - 1 run, 1 hit, 1 error, 1 left on base; Fayetteville 8 - Down East 1
TOP OF THE 6TH
Fayetteville Woodpeckers batting - Pitching for Down East Wood Ducks : RHP Jim Unknown
Batting: RHB Dave Martin 0-0: Called Strike
0-1: Swinging Strike
0-2: Foul Ball, location: 5FF
0-2: Ball
1-2: Foul Ball, location: 2F
1-2: Foul Ball, location: 23F
1-2: Foul Ball, location: 2RF
1-2: Ground out 1-3 (Groundball, 34S, EV 67.5 MPH)
Batting: RHB Mario Rivera 0-0: Ball
1-0: Foul Ball, location: 9LSF
1-1: Foul Ball, location: 9LDF
1-2: Strikes out looking
Batting: RHB Ron Ortíz 0-0: Ball
1-0: Called Strike
1-1: Ball
2-1: Ball
3-1: Reached on error, E6 (Groundball, 56, EV 85.6 MPH)
Batting: RHB António Méndez 0-0: Ball
1-0: Ball
2-0: Called Strike
2-1: Swinging Strike
2-2: SINGLE (Line Drive, 56D, EV 93.8 MPH)
Ron Ortíz to second
Runner from 2nd tries for 3rd, SAFE, no throw by LF
Batting: LHB Don Caldwell 0-0: Swinging Strike
0-1: Swinging Strike
0-2: Ball
1-2: Strikes out swinging
Top of the 6th over - 0 runs, 1 hit, 1 error, 2 left on base; Fayetteville 8 - Down East 1
BOTTOM OF THE 6TH
Down East Wood Ducks batting - Pitching for Fayetteville Woodpeckers : RHP Walt Taylor
Batting: LHB Dan Weaver 0-0: Foul Ball, location: 23F
0-1: Called Strike
0-2: Ball
1-2: Ball
2-2: Foul Ball, location: 2F
2-2: Ball
3-2: Foul Ball, location: 25F
3-2: Ground out 4-3 (Groundball, 4D, EV 110.6 MPH)
Batting: RHB Alex Nicholson 0-0: Ball
1-0: Swinging Strike
1-1: Ball
2-1: Ball
3-1: SINGLE (Groundball, 5D, EV 106.9 MPH) (infield hit)
Batting: RHB Bob Barlow 0-0: Ball
1-0: Swinging Strike
1-1: Ball
2-1: Fly out, F4 (Popup, 34S, EV 72.5 MPH)
Batting: RHB Chris Sherman 0-0: Called Strike
0-1: Ball
1-1: Fielders Choice at 2nd, 6-4 (Groundball, 6, EV 100.6 MPH)
Bottom of the 6th over - 0 runs, 1 hit, 0 errors, 1 left on base; Fayetteville 8 - Down East 1
TOP OF THE 7TH
Fayetteville Woodpeckers batting - Pitching for Down East Wood Ducks : RHP Jim Unknown
Pitching: RHP Jim Unknown
Batting: RHB Ben Jacobson 0-0: Ball
1-0: Ball
2-0: Called Strike
2-1: Ball
3-1: Swinging Strike
3-2: Ground out U3 (Groundball, 13, EV 79.4 MPH)
Batting: RHB Iván Álvarez 0-0: Foul Ball, location: 2F
0-1: Ball
1-1: Called Strike
1-2: Strikes out swinging
Batting: RHB Tim Brown 0-0: Foul Ball, location: 5FF
0-1: Ball
1-1: Ball
2-1: Called Strike
2-2: Foul Ball, location: 7LSF
2-2: Ball
3-2: Base on Balls
Batting: LHB Dave Branch 0-0: Called Strike
0-1: Ground out 1-3 (Groundball, 13S, EV 61.9 MPH)
Top of the 7th over - 0 runs, 0 hits, 0 errors, 1 left on base; Fayetteville 8 - Down East 1
BOTTOM OF THE 7TH
Down East Wood Ducks batting - Pitching for Fayetteville Woodpeckers : RHP Walt Taylor
Pinch Hitting: RHB Jim Unknown 0-0: Ball
1-0: Foul Ball, location: 2F
1-1: Ball
2-1: Swinging Strike
2-2: Strikes out swinging
Pinch Hitting: SHB Jim Unknown 0-0: Ball
1-0: Foul Ball, location: 7LMF
1-1: Ball
2-1: Fly out, F9 (Line Drive, 89M, EV 89.4 MPH)
Batting: RHB Jim Unknown 0-0: Ball
1-0: Ball
2-0: Called Strike
2-1: SINGLE (Groundball, 4D, EV 110.6 MPH)
Pinch Hitting: RHB Jim Unknown 0-0: Called Strike
0-1: Ground out 6-3 (Groundball, 6S, EV 90.0 MPH)
Bottom of the 7th over - 0 runs, 1 hit, 0 errors, 1 left on base; Fayetteville 8 - Down East 1
TOP OF THE 8TH
Fayetteville Woodpeckers batting - Pitching for Down East Wood Ducks : RHP Jim Unknown
Now at 2B: Jim Unknown
Now at 3B: Jeff Maxwell
Now at SS: Jim Unknown
Now in CF: Jim Unknown
Now in RF: Bob Barlow
Batting: RHB Dave Martin 0-0: Ball
1-0: DOUBLE (Line Drive, 89M, EV 95.6 MPH)
Pinch Hitting: RHB Tommy Schmidt 0-0: Ball
1-0: Ball
2-0: Ball
3-0: Called Strike
3-1: Fly out, F9 (Flyball, 9D, EV 109.4 MPH)
Runner from 2nd tags up, SAFE at 3rd, no throw by RF
Pinch Hitting: RHB Jim Crawford 0-0: Fly out, F9 (Flyball, 9, EV 78.1 MPH)
Runner from 3rd tags up, SCORES, no throw by RF
Batting: RHB António Méndez 0-0: Ball
1-0: Called Strike
1-1: Called Strike
1-2: Strikes out looking
Top of the 8th over - 1 run, 1 hit, 0 errors, 0 left on base; Fayetteville 9 - Down East 1
BOTTOM OF THE 8TH
Down East Wood Ducks batting - Pitching for Fayetteville Woodpeckers : RHP Walt Taylor
Now at 2B: Jim Crawford
Now in RF: Leon Lucott
Pinch Hitting: RHB Jim Unknown 0-0: Fly out, F8 (Flyball, 8RXD, EV 100.6 MPH)
Pitching: RHP Robinson Muñíz
Pinch Hitting: LHB Jim Unknown 0-0: Called Strike
0-1: SINGLE (Flyball, 7S, EV 90.6 MPH)
Pinch Hitting: RHB Jim Unknown 0-0: Called Strike
0-1: Ball
1-1: Fly out, F3 (Popup, 3DF, EV 66.3 MPH)
Pinch Hitting: LHB Jim Unknown 0-0: 2-RUN HOME RUN (Flyball, 9LD, EV 90.6 MPH), Distance : 334 ft
Batting: RHB Chris Sherman 0-0: Called Strike
0-1: Ball
1-1: Foul Ball, location: 2F
1-2: Foul Ball, location: 9LMF
1-2: Ball
2-2: Strikes out swinging
Bottom of the 8th over - 2 runs, 2 hits, 0 errors, 0 left on base; Fayetteville 9 - Down East 3
TOP OF THE 9TH
Fayetteville Woodpeckers batting - Pitching for Down East Wood Ducks : RHP Jim Unknown
Now at 1B: Jim Unknown
Now at 2B: Jim Unknown
Now at 3B: Jim Unknown
Now in LF: Jim Unknown
Now in CF: Jim Unknown
Now in RF: Jim Unknown
Batting: LHB Don Caldwell 0-0: Called Strike
0-1: Foul Ball, location: 2F
0-2: Foul Ball, location: 7LDF
0-2: Ball
1-2: Ball
2-2: Fly out, F8 (Flyball, 78D, EV 96.3 MPH)
Batting: RHB Ben Jacobson 0-0: Called Strike
0-1: Fly out, F9 (Flyball, 89M, EV 93.8 MPH)
Batting: RHB Iván Álvarez 0-0: Ball
1-0: Fly out, F4 (Popup, 34, EV 70.0 MPH)
Top of the 9th over - 0 runs, 0 hits, 0 errors, 0 left on base; Fayetteville 9 - Down East 3
BOTTOM OF THE 9TH
Down East Wood Ducks batting - Pitching for Fayetteville Woodpeckers : RHP Robinson Muñíz
Pinch Hitting: RHB Jim Unknown 0-0: Called Strike
0-1: Ball
1-1: Ball
2-1: Ball
3-1: Base on Balls
Pinch Hitting: RHB Jim Unknown 0-0: Ball
1-0: Ball
2-0: Fly out, F9 (Flyball, 89M, EV 92.5 MPH)
Pinch Hitting: RHB Jim Unknown 0-0: Swinging Strike
0-1: Foul Ball, location: 2F
0-2: Foul Ball, location: 2F
0-2: Fly out, F8 (Flyball, 89D, EV 107.5 MPH)
Pinch Hitting: LHB Jim Unknown 0-0: Swinging Strike
0-1: Swinging Strike
0-2: Fly out, F8 (Flyball, 8LD, EV 92.5 MPH)
Bottom of the 9th over - 0 runs, 0 hits, 0 errors, 1 left on base; Fayetteville 9 - Down East 3
Monday, April 1st , 2024 - OOTP Baseball 24.10 Build 82